AoeStats
← Dirty Dike

Arabia

509314557Analyzed
1v1 RM · 4d ago on Sep 26, 2026· 60m 12s· 2 players
Game mode
Random Map
Map size
Tiny (2 player)
Population
200
Speed
Normal
Resources
Standard
Victory
Conquest
Starting age
Dark Age
Ending age
Imperial Age
RankedLock teamsTeams togetherTeam positionsShared explorationLock speedFull tech treeHidden civsTurbo modeCheats
Victory
Defeat
🇦🇺 Bulgarians · Australia
877
+15
🇮🇳 Spanish · India
850
-15
LeLoi448
5:31 Loom
11:15 Feudal Age
11:55 Double-Bit Axe
20:42 Castle Age
20:52 Horse Collar
22:16 Husbandry
22:28 Bloodlines
22:51 Fletching
24:39 Wheelbarrow
24:58 Heavy Plow
26:07 Bodkin Arrow
26:17 Squires
29:05 Pikeman
30:04 Forging
30:23 Hand Cart
32:04 Ballistics
32:30 Iron Casting
35:14 Imperial Age
35:06 Bow Saw
35:05 Scale Barding Armor
37:21 Chemistry
36:41 Murder Holes
37:40 Block Printing
42:45 Blast Furnace
41:46 Bracer
41:14 Light Cavalry
44:09 Arson
47:28 Chain Barding Armor
46:31 Elite Skirmisher
49:39 Town Watch
52:50 Thumb Ring
52:40 Cavalier
54:43 Halberdier
56:03 Plate Barding Armor
57:36 Fervor
Dirty Dike
7:42 Loom
10:12 Feudal Age
11:19 Horse Collar
16:32 Fletching
16:42 Double-Bit Axe
20:57 Castle Age
22:10 Heavy Plow
22:22 Bow Saw
22:04 Gold Mining
22:06 Stone Mining
23:31 Scale Barding Armor
24:31 Gold Shaft Mining
24:38 Forging
26:22 Bloodlines
26:24 Scale Mail Armor
27:40 Husbandry
29:30 Stirrups
30:14 Iron Casting
31:20 Wheelbarrow
32:23 Chain Barding Armor
35:53 Imperial Age
34:30 Squires
33:51 Pikeman
35:31 Stone Shaft Mining
34:24 Light Cavalry
36:17 Chain Mail Armor
36:50 Hussar
38:11 Plate Barding Armor
38:58 Halberdier
43:55 Plate Mail Armor
44:06 Hand Cart
43:39 Town Watch
46:30 Crop Rotation
48:51 Capped Ram
48:56 Cavalier
50:00 Siege Ram
52:43 Blast Furnace
55:02 Elite Konnik
Connection lost

Rejoining the realm…

Still unreachable

The connection could not be restored.

Session expired

The server has moved on; the page needs a fresh start.